Map: Nightscape LE

Players

BujajTorbe - Winner!

  • Race: Zerg Zerg
  • League: Gold
  • Spawn Location: 7:00

Aroza - Winner!

  • Race: Protoss Protoss
  • Spawn Location: 7:00

Nyck

  • Race: Terran Terran
  • Spawn Location: 1:00

Ekelpack

  • Race: Zerg Zerg
  • Spawn Location: 1:00

VOD

Have the link to the VOD?

Description

Time

  • Played on: Sept. 17, 2020, 3:51 p.m.
  • Length: 16:19
Show
View Real Time Build Order
Export as new Build Order

BujajTorbe Zerg - Winner!

Build Orders: Pool First, Brood Lord Corruptor 

Get SALT Encoding   

  12  0:06  Drone  
  13  0:17  Overlord  
  13  0:19  Drone  
  14  0:36  Spawning Pool  
  13  0:47  Drone x2  
  13  0:48  Drone  
  16  0:59  Drone  
  17  1:09  Drone  
  18  1:28  Zergling x2  
  18  1:30  Hatchery  
  18  1:33  Extractor  
  18  1:35  Queen  
  19  1:47  Zergling x4  
  21  2:02  Zergling x2  
  21  2:07  Roach Warren  
  21  2:19  Zergling x2  
  22  2:24  Overlord  
  22  2:44  Drone x2  
  22  2:45  Drone  
  25  2:52  Drone x3  
  28  2:58  Drone  
  28  2:59  Extractor  
  28  3:00  Queen  
  28  3:04  Queen  
  31  3:15  Roach x2  
  31  3:18  Overlord  
  35  3:40  Roach x4  
  43  3:45  Overlord  
  43  3:52  Metabolic Boost  
  43  3:58  Zergling x2  
  43  4:00  Overlord  
  41  4:30  Roach  
  41  4:31  Roach x4  
  51  4:38  Drone  
  52  5:01  Lair  
  52  5:06  Overlord x4  
  35  5:54  Zergling x14  
  34  6:03  Drone  
  35  6:12  Roach  
  35  6:13  Roach  
  35  6:14  Glial Reconstitution  
  39  6:36  Zergling x8  
  43  6:42  Baneling Nest  
  42  6:49  Drone x3  
  42  6:50  Drone x4  
  49  7:02  Overseer  
  49  7:11  Drone x2  
  49  7:12  Drone x2  
  53  7:32  Tunneling Claws, Hatchery  
  53  7:34  Drone x5  
  57  7:39  Baneling x4  
  57  7:40  Baneling x4  
  57  7:44  Centrifugal Hooks  
  57  7:45  Queen  
  59  7:57  Zergling x6  
  59  7:58  Zergling x4  
  64  8:07  Infestation Pit  
  61  8:37  Drone x2  
  61  8:38  Drone x5  
  68  8:43  Extractor x2  
  66  9:00  Hive  
  66  9:11  Spire  
  65  9:19  Queen x2  
  69  9:27  Drone  
  69  9:28  Drone x8  
  69  9:29  Drone x6  
  84  9:41  Overlord x2  
  84  9:42  Overlord  
  84  9:55  Queen  
  86  10:02  Overlord, Extractor  
  86  10:03  Overlord x6  
  86  10:04  Extractor  
  84  10:13  Spire  
  83  10:22  Corruptor x4  
  81  10:32  Zergling x8  
  81  10:33  Zergling x6  
  81  10:34  Zergling x2  
  66  11:07  Zergling x6  
  66  11:08  Zergling x6  
  72  11:32  Hatchery  
  71  11:48  Extractor  
  71  11:53  Queen x2  
  74  12:04  Baneling x6  
  74  12:05  Baneling x3  
  74  12:12  Greater Spire  
  74  12:13  Zerg Flyer Weapons Level 1  
  74  12:27  Drone x2  
  74  12:28  Drone x4, Queen x2  
  84  12:53  Corruptor x5, Overlord  
  84  12:54  Corruptor  
  84  12:56  Hatchery, Zergling x2  
  84  12:57  Queen  
  97  13:49  Brood Lord x5  
  97  13:50  Brood Lord x3  
  97  13:51  Brood Lord  
  97  13:52  Overlord  
  97  13:53  Overlord x4  
  115  13:56  Zergling x10  
  115  13:57  Zergling x12  
  115  13:58  Zergling x2  
  127  14:07  Zerg Flyer Armor Level 1  
  117  14:25  Zergling x6  
  117  14:26  Zergling x8  
  112  14:45  Zergling x10  
  116  14:55  Zergling x2  
  116  14:56  Zergling x4  
  106  15:15  Corruptor x6  
  112  15:40  Zergling x2  
  112  15:41  Zergling x10  
  111  15:54  Zergling x2  
  111  15:55  Zergling x6  
  115  16:00  Zergling x4  
Show
View Real Time Build Order
Export as new Build Order

Aroza Protoss - Winner!

Build Orders:  

Get SALT Encoding   

  12  0:02  Probe  
  14  0:14  Probe  
  14  0:25  Pylon  
  14  0:31  Probe  
  15  0:49  Gateway  
  15  0:56  Probe  
  16  0:59  Assimilator  
  16  1:08  Probe (Chrono Boost)  
  17  1:18  Probe (Chrono Boost)  
  18  1:49  Cybernetics Core  
  18  1:54  Nexus  
  18  1:58  Gateway  
  17  2:18  Probe  
  18  2:24  Assimilator  
  18  2:26  Pylon  
  18  2:31  Probe  
  19  2:43  Probe  
  20  2:44  Adept  
  20  2:47  Adept  
  24  2:56  Probe (Chrono Boost)  
  25  3:00  Warp Gate  
  26  3:06  Probe (Chrono Boost)  
  26  3:08  Probe (Chrono Boost)  
  27  3:16  Probe (Chrono Boost)  
  27  3:21  Probe (Chrono Boost)  
  28  3:32  Probe  
  29  3:39  Adept  
  29  3:40  Adept  
  33  3:43  Probe  
  33  3:44  Probe  
  35  3:48  Pylon  
  35  3:51  Assimilator  
  35  4:04  Forge  
  35  4:11  Gateway x2  
  35  4:13  Gateway  
  35  4:17  Twilight Council  
  35  4:19  Probe x2  
  37  4:31  Probe x2  
  39  4:45  Probe x2  
  40  4:47  Protoss Ground Armor Level 1  
  40  4:49  Stalker  
  40  4:50  Stalker  
  45  4:57  Probe x2  
  47  5:07  Charge (Chrono Boost)  
  47  5:09  Probe  
  47  5:10  Pylon, Probe  
  49  5:21  Probe  
  49  5:22  Adept, Probe  
  53  5:31  Adept x3  
  53  5:32  Adept  
  53  5:33  Pylon  
  61  6:03  Robotics Facility  
  61  6:05  Robotics Facility  
  61  6:07  Assimilator, Probe x2  
  53  7:10  Stalker x3  
  53  7:11  Stalker x2  
  53  7:14  Immortal  
  53  7:15  Immortal  
  63  7:23  Protoss Ground Weapons Level 1  
  63  7:36  Probe x2  
  65  7:48  Probe  
  66  7:55  Probe  
  66  7:57  Zealot  
  69  8:00  Probe  
  70  8:05  Pylon  
  70  8:06  Pylon  
  70  8:08  Pylon  
  70  8:23  Probe  
  71  8:28  Nexus  
  71  8:30  Pylon  
  71  8:32  Pylon  
  71  8:35  Assimilator  
  71  8:40  Assimilator, Zealot x5  
  81  8:49  Forge  
  81  8:55  Gateway  
  81  8:56  Gateway  
  81  8:59  Pylon  
  81  9:11  Immortal x2  
  89  9:22  Templar Archives  
  89  9:27  Protoss Ground Armor Level 2 (Chrono Boost)  
  89  9:30  Protoss Ground Weapons Level 2 (Chrono Boost)  
  89  9:38  Stalker  
  89  9:39  Stalker x3  
  89  9:40  Stalker  
  99  9:50  Warp Prism  
  99  9:52  Probe x3  
  105  9:54  Observer  
  105  10:04  Gateway  
  105  10:06  Gateway  
  105  10:09  Gateway  
  105  10:12  Immortal  
  109  10:22  High Templar x3  
  109  10:23  Psionic Storm  
  109  10:25  Zealot x3  
  109  10:26  Zealot, Immortal  
  123  10:46  Zealot x2  
  123  10:47  Zealot x2  
  117  10:51  Archon, Immortal  
  117  10:56  Zealot x3  
  115  11:02  Stalker, Zealot  
  85  11:11  Zealot x3  
  85  11:12  Zealot x2  
  87  11:28  High Templar x4  
  87  11:30  Zealot  
  97  11:39  Probe  
  98  11:40  Probe x2  
  98  11:45  Pylon  
  100  11:47  Pylon  
  100  11:49  Pylon  
  100  11:53  Protoss Ground Weapons Level 3 (Chrono Boost)  
  100  12:00  Protoss Shields Level 1 (Chrono Boost)  
  100  12:08  Robotics Bay  
  100  12:12  Immortal  
  104  12:25  Probe x3  
  107  12:32  Immortal  
  111  12:38  High Templar x2  
  111  12:39  Zealot x3  
  111  12:40  Zealot x5  
  131  12:58  Nexus  
  131  13:02  Pylon  
  131  13:04  Pylon  
  131  13:07  Assimilator  
  131  13:12  Assimilator  
  131  13:20  Colossus x2 (Chrono Boost)  
  143  13:34  Gravitic Boosters  
  137  14:10  Observer x2  
  99  14:37  Zealot x4  
  99  14:38  Zealot x3  
  101  14:39  Zealot x3  
  85  14:58  Stalker  
  85  14:59  Stalker x4  
  95  15:00  Zealot x5  
  105  15:07  Colossus x2  
  89  15:43  Stalker x4  
  89  15:44  Zealot x5  
  89  15:45  Zealot  
  102  16:10  Stalker x3  
  102  16:11  Stalker x3  
  110  16:12  Zealot x3  
  110  16:13  Zealot  
Show
View Real Time Build Order
Export as new Build Order

Nyck Terran 

Build Orders:  

Get SALT Encoding   

  12  0:01  SCV  
  13  0:14  Supply Depot  
  13  0:18  SCV  
  14  0:30  SCV  
  15  0:39  Barracks  
  15  0:42  SCV  
  16  0:54  SCV  
  17  0:58  Refinery  
  17  1:06  SCV  
  18  1:18  SCV  
  19  1:28  Marine  
  19  1:32  Supply Depot  
  20  1:33  Orbital Command  
  20  1:53  Reaper  
  21  2:02  Barracks  
  21  2:05  Barracks  
  21  2:09  Refinery  
  21  2:14  Supply Depot  
  21  2:18  SCV  
  22  2:30  Reaper  
  22  2:36  SCV  
  24  2:44  Supply Depot  
  24  2:48  SCV  
  24  2:50  Reaper  
  26  2:55  Reaper  
  27  3:00  SCV  
  28  3:05  Factory  
  29  3:12  SCV  
  29  3:19  Barracks Tech Lab  
  29  3:27  Barracks Tech Lab  
  29  3:30  Barracks Tech Lab  
  29  3:40  SCV  
  30  3:55  Starport  
  30  3:56  SCV  
  31  4:03  Marauder x3  
  31  4:08  SCV  
  38  4:25  Marauder x3  
  38  4:28  Concussive Shells  
  44  4:36  Command Center  
  44  4:43  Supply Depot, Medivac  
  46  5:02  Engineering Bay  
  46  5:05  Supply Depot, Marauder x3  
  52  5:11  Stimpack  
  52  5:13  Medivac  
  54  5:29  Engineering Bay  
  54  5:51  Marauder x3  
  60  6:14  Command Center  
  60  6:15  Medivac  
  60  6:17  Marauder  
  60  6:18  Marauder x2  
  68  6:45  Medivac  
  68  7:32  SCV  
  68  7:36  SCV  
  70  7:41  Marauder x3  
  70  7:43  Terran Infantry Weapons Level 1, Terran Infantry Armor Level 1  
  76  7:44  SCV  
  76  7:45  Medivac  
  76  7:48  SCV  
  80  7:56  Refinery  
  80  8:00  SCV  
  81  8:13  SCV  
  82  8:25  SCV  
  80  8:31  SCV  
  81  8:37  SCV, Refinery  
  81  8:40  Marauder x3  
  88  8:41  Medivac  
  88  8:43  SCV  
  91  8:49  SCV  
  91  8:51  Barracks  
  91  8:55  SCV  
  93  9:22  Supply Depot  
  93  9:28  Orbital Command, Hellion  
  95  9:39  Barracks  
  95  9:44  Supply Depot  
  95  10:02  SCV x2  
  97  10:08  Supply Depot  
  97  10:13  Medivac  
  99  10:14  SCV  
  100  10:26  SCV  
  100  10:27  Barracks  
  100  10:38  SCV  
  95  10:50  SCV  
  86  11:16  Marauder x3  
  86  11:20  Medivac  
  86  11:24  Barracks Tech Lab x2  
  86  11:25  Barracks Tech Lab  
  88  11:33  Armory  
  88  11:38  Marauder x3  
  94  11:43  Marauder  
  94  11:44  Marauder x2  
  100  11:50  Medivac  
  102  11:59  Marauder x3  
  108  12:13  Factory Reactor  
  108  12:19  Terran Infantry Weapons Level 2  
  108  12:20  Terran Infantry Armor Level 2  
  110  12:23  Marauder x4  
  110  12:24  Marauder x2  
  110  12:26  Combat Shield  
  120  12:30  Starport Reactor  
  120  12:37  Starport  
  120  12:38  SCV x2  
  122  12:49  Marauder x2  
  122  12:50  SCV x2, Marauder x3  
  122  12:51  Marine  
  135  13:09  Marine  
  135  13:11  Marauder x5  
  146  13:12  Supply Depot  
  146  13:28  Medivac x2  
  150  13:35  Supply Depot  
  138  13:58  Supply Depot, Medivac x2  
  138  13:59  Marauder x2  
  142  14:22  Supply Depot  
  128  14:28  Medivac  
  70  15:05  Viking x2  
  74  15:23  Marauder  
  74  15:24  Marauder  
  78  15:35  Viking x2  
Show
View Real Time Build Order
Export as new Build Order

Ekelpack Zerg 

Build Orders: Pool First 

Get SALT Encoding   

  12  0:00  Drone  
  13  0:08  Drone  
  14  0:17  Overlord  
  14  0:24  Drone, Extractor  
  14  0:41  Spawning Pool  
  13  0:44  Drone  
  13  0:48  Drone  
  15  0:52  Drone  
  16  1:00  Drone  
  17  1:08  Drone  
  18  1:16  Overlord  
  18  1:28  Queen  
  18  1:30  Zergling x2  
  21  1:40  Zergling x2  
  21  1:43  Metabolic Boost  
  22  1:53  Zergling x2  
  23  2:10  Drone x2  
  23  2:12  Extractor  
  24  2:16  Hatchery  
  23  2:23  Drone  
  24  2:32  Queen  
  26  2:41  Drone  
  26  2:42  Drone x3  
  28  3:28  Lair  
  28  3:31  Drone x2  
  28  3:32  Drone x2, Overlord  
  28  3:33  Drone x2  
  33  3:46  Drone  
  34  3:56  Evolution Chamber  
  33  4:10  Zergling x10  
  33  4:11  Zergling x2  
  39  4:22  Zerg Ground Armor Level 1  
  39  4:25  Overlord  
  39  4:26  Overlord  
  39  4:32  Queen  
  39  4:36  Drone x2  
  39  4:37  Drone  
  44  4:40  Extractor  
  44  4:41  Extractor  
  42  4:52  Hydralisk Den  
  41  4:53  Drone x2  
  41  4:54  Drone x3  
  46  5:03  Drone x3  
  41  5:41  Drone x3  
  41  5:42  Drone x6  
  49  5:43  Drone  
  46  6:01  Queen  
  48  6:07  Hatchery  
  48  6:11  Hydralisk x2  
  47  6:13  Overlord x2  
  47  6:14  Overlord, Grooved Spines  
  47  6:16  Zerg Missile Weapons Level 1  
  51  6:30  Overlord  
  49  6:49  Hydralisk x3  
  49  6:53  Hydralisk x3  
  58  7:11  Muscular Augments, Hydralisk x3  
  64  7:42  Hydralisk x5  
  64  7:43  Hatchery, Overlord x2, Hydralisk x3  
  79  8:02  Hydralisk x3  
  85  8:15  Zerg Missile Weapons Level 2  
  85  8:31  Hydralisk x4  
  85  8:32  Hydralisk x3  
  99  8:35  Overlord  
  99  8:43  Overlord  
  99  9:02  Queen  
  101  9:14  Hydralisk  
  101  9:15  Hydralisk x6  
  101  9:16  Hydralisk  
  117  9:20  Extractor  
  117  9:21  Extractor  
  115  9:35  Drone x6  
  115  9:36  Drone  
  122  10:03  Overlord x4  
  122  10:15  Overlord  
  120  10:42  Zerg Ground Armor Level 2  
  96  11:00  Hydralisk x4  
  96  11:01  Hydralisk x5  
  96  11:02  Hydralisk x7  
  96  11:03  Hydralisk x6  
  102  11:19  Hydralisk x2  
  102  11:20  Hydralisk  
  108  11:30  Overseer  
  108  11:41  Hydralisk x3  
  108  11:42  Hydralisk x6  
  108  11:43  Hydralisk  
  128  12:02  Infestation Pit  
  128  12:04  Hydralisk  
  128  12:05  Hydralisk x5  
  128  12:06  Overlord x3  
  128  12:07  Overlord  
  139  12:21  Drone  
  140  12:35  Hydralisk x4  
  140  12:36  Hydralisk  
  150  12:38  Hatchery  
  149  12:59  Hive  
  149  13:13  Hydralisk x5  
  149  13:14  Hydralisk x3  
  165  13:47  Hydralisk x4  
  165  13:48  Hydralisk x2  
  95  14:37  Hydralisk x3  
  95  14:38  Hydralisk x6  
  91  14:39  Hydralisk x6  
  91  14:40  Hydralisk x2  
  105  14:55  Hydralisk x2  
  105  14:56  Hydralisk x2  
  105  15:04  Spire  
  102  15:22  Drone x3  
  67  15:38  Hydralisk  
  67  15:39  Hydralisk x6  
  70  15:52  Hydralisk x3  
  70  15:54  Hydralisk  
Tags
 
Add a new tag
Caveats
  • Supply blocks, unpowered buildings, or Contaminate may cause inaccurate times.
  • Supply counts are checked every 10 seconds.